AoeStats
← Aegis266

Arabia

505931579Analyzed
1v1 RM · 22d ago on Sep 11, 2026· 36m 14s· 2 players
Game mode
Random Map
Map size
Tiny (2 player)
Population
200
Speed
Normal
Resources
Standard
Victory
Conquest
Starting age
Dark Age
Ending age
Imperial Age
RankedLock teamsTeams togetherTeam positionsShared explorationLock speedFull tech treeHidden civsTurbo modeCheats
Victory
Defeat
🇩🇪 Persians · Germany
1606
+16
🇹🇷 Ethiopians · Türkiye
1604
-16
Chdwick
6:52 Loom
9:14 Feudal Age
9:53 Man-at-Arms
12:05 Double-Bit Axe
14:27 Horse Collar
17:08 Fletching
19:26 Wheelbarrow
22:08 Castle Age
20:08 Gold Mining
22:42 Padded Archer Armor
22:28 Crossbowman
23:06 Bodkin Arrow
24:25 Bow Saw
34:15 Ballistics
38:07 Imperial Age
Aegis266
6:08 Loom
8:53 Feudal Age
9:52 Double-Bit Axe
10:27 Horse Collar
16:41 Wheelbarrow
20:08 Castle Age
20:03 Fletching
20:34 Bloodlines
20:32 Scale Barding Armor
21:26 Gold Mining
21:48 Bow Saw
22:45 Heavy Plow
25:52 Elite Skirmisher
29:59 Gold Shaft Mining
31:31 Bodkin Arrow
32:35 Forging
36:24 Imperial Age
Connection lost

Rejoining the realm…

Still unreachable

The connection could not be restored.

Session expired

The server has moved on; the page needs a fresh start.